 Dungeon Crawl Stone Soup version 0.27-a0-419-g7a85846853 (webtiles) character file.

Game seed: 10459197983013134633

24 Chiseanne the Stinger (level 2, -6/21 HPs)
             Began as a Demonspawn Wanderer on Feb 26, 2021.
             Killed from afar by an orc wizard (10 damage)
             ... with a magic dart
             ... on level 4 of the Dungeon.
             The game lasted 00:02:07 (1322 turns).

Chiseanne the Stinger (Demonspawn Wanderer)         Turns: 1322, Time: 00:02:07

Health: -6/21      AC:  6    Str:  9    XL:     2   Next: 79%
Magic:  4/4        EV: 11    Int: 15    God:
Gold:   70         SH:  0    Dex: 13    Spells: 3/4 levels left

rFire    . . .     SeeInvis .   f - +4 dagger
rCold    . . .     Faith    .   (no shield)
rNeg     . . .     Spirit   .   i - +0 leather armour
rPois    .         Reflect  .   (no helmet)
rElec    .         Harm     .   p - +2 cloak {Stlth+}
rCorr    .         Rampage  .   (no gloves)
Will     .....                  (no boots)
Stlth    +.........             (no amulet)
HPRegen  0.07/turn              (no ring)
MPRegen  0.09/turn              (no ring)

@: no status effects
A: powered by death 1
a: no special abilities


You were on level 4 of the Dungeon.
You visited 1 branch of the dungeon, and saw 3 of its levels.

You collected 70 gold pieces.

Inventory:

Hand Weapons
 f - a +4 dagger (weapon)
Missiles
 a - 65 bolts
 b - 56 sling bullets
 g - 54 stones
Armour
 i - a +0 leather armour (worn)
 p - a +2 cloak of stealth (worn)
Wands
 e - a wand of paralysis (15)
Scrolls
 l - a scroll of magic mapping {unknown}
 n - a scroll of fog {unknown}
 o - 3 scrolls of identify {unknown}
Potions
 c - a potion of curing
 d - a potion of might {unknown}
 h - a potion of flight {unknown}
 m - a potion of heal wounds {unknown}


   Skills:
 * Level 1.0 Fighting
 - Level 1.7 Long Blades
 - Level 1.0 Throwing
 + Level 0.0 Armour
 * Level 0.8 Dodging
 - Level 1.0 Stealth
 * Level 1.5 Spellcasting
 * Level 1.1 Conjurations
 - Level 1.1 Necromancy
 - Level 3.0 Poison Magic
 - Level 1.0 Evocations


You had 3 spell levels left.
You knew the following spells:

 Your Spells              Type           Power        Failure   Level
a - Foxfire               Conj/Fire      8%           26%         1

Your spell library contained the following spells:

 Spells                   Type           Power        Failure   Level
 Ignite Poison            Fire/Tmut/Pois 4%           54%         3


Dungeon Overview and Level Annotations

Branches:
Dungeon (2/15)

Altars:


Innate Abilities, Weirdness & Mutations

You regenerate a little health from kills.


Message History

It is a scroll of enchant weapon.
Your +3 dagger glows red for a moment.
As you read the scroll labelled MUOXEZ IJ DUENG, it crumbles to dust.
You feel strangely unstable.
It was a scroll of teleportation.
Your surroundings suddenly seem different.
Found an inky potion.
d - an inky potion An orc wizard comes into view.
It is wielding a +3 dagger.
The orc wizard shouts!
You hear a shout! x2
An orc priest comes into view. It is wielding a +0 hand axe.
An orc wizard comes into view. It is wielding a +0 dagger.
The orc priest shouts!
You hear a shout!
You barely miss the orc wizard.
An orc comes into view. It is wielding a +0 hand axe.
You closely miss the orc wizard.
The orc priest mumbles some strange prayers to Beogh against you.
Beogh smites you!
Ouch! That really hurt!
The orc wizard hits you with a +3 dagger.
* * * LOW HITPOINT WARNING * * *
You are too injured to fight recklessly!
You are too injured to fight recklessly!
You are too injured to fight recklessly!
You are too injured to fight recklessly!
You are too injured to fight recklessly!
You are too injured to fight recklessly!
You are too injured to fight recklessly!
You are too injured to fight recklessly!
You are too injured to fight recklessly!
You are too injured to fight recklessly!
You are too injured to fight recklessly!
You are too injured to fight recklessly!
You are too injured to fight recklessly!
You are too injured to fight recklessly!
You are too injured to fight recklessly!
You closely miss the orc wizard.
An orc comes into view.
The orc wizard gestures at you while chanting.
The magic dart hits you!
You die...

######### #........
################.#######
....ooo@.........#
#..o.############# +.. #


You could see an orc priest, 2 orc wizards and an orc.

Vanquished Creatures
  A dart slug (D:2)
  A giant cockroach (D:2)
  2 goblins (D:1)
  A hobgoblin (D:1)
  4 jackals (D:1)
  2 kobolds
  4 bats (D:1)
  3 frilled lizards (D:1)
  4 rats (D:1)
22 creatures vanquished.

Notes
Turn   | Place    | Note
-------+----------+-------------------------------------------
     0 | D:1      | Chiseanne the Demonspawn Wanderer began the quest for the
                  | Orb.
     0 | D:1      | Chiseanne set off with the following items: a +0 dagger, a
                  | potion of curing, a +0 robe, a wand of paralysis (15); and
                  | the following spell memorised: Foxfire; and the following
                  | spells available to memorise: Ignite Poison
     0 | D:1      | Reached XP level 1. HP: 13/13 MP: 2/2
   668 | D:1      | Gained mutation: You regenerate a little health from kills.
                  | [demonic ancestry]
   668 | D:1      | Reached XP level 2. HP: 19/20 MP: 3/3
  1076 | D:1      | Reached skill level 1 in Conjurations
  1103 | D:2      | Reached skill level 1 in Fighting
  1297 | D:2      | You fall into a shaft and drop 2 floors!
  1297 | D:4      | Noticed an ogre
  1322 | D:4      | Killed from afar by an orc wizard

Illustrated notes

Levels and vault maps discovered:
D:1:      lemuel_arrival_broad_hall, layout_loops_ring
D:2:      layout_basic, uniq_robin
D:4:      layout_basic, kennysheep_generic_room_13

Skill      XL: |  1  2 |
---------------+-------+-----
Conjurations   | 1 |  1.1
Fighting       | 1 |  1.0
Long Blades    | |  1.7
Throwing       | |  1.0
Dodging        | |  0.8
Stealth        | |  1.0
Spellcasting   | |  1.5
Necromancy     | |  1.1
Poison Magic   | |  3.0
Evocations     | |  1.0

Action                   || total
-------------------------++-------
Melee: Dagger            ||    81
  Use: Scroll            ||     2
 Stab: Sleeping          ||     1
Armor: Robe              ||    17
Dodge: Dodged            ||    55

Table legend: (Time is in decaauts)
 A = Elapsed time spent in this place.
 B = Non-inter-level travel time spent in this place.
 C = Inter-level travel time spent in this place.
 D = Time resting spent in this place.
 E = Time spent auto-exploring this place.
 F = Levels seen in this place.
 G = Mean time per level.
                   A        B        C        D        E       F      G
               +--------+--------+--------+--------+--------+-----+--------+
         Total |   1318 |   1279 |     39 |    317 |    723 |   3 |  439.3 |
       Dungeon |   1318 |   1279 |     39 |    317 |    723 |   3 |  439.3 |
               +--------+--------+--------+--------+--------+-----+--------+

Top non-repeatable levels by time:
     D:1: 1077 daAuts
     D:2: 216 daAuts
     D:4: 24 daAuts
